 Dungeon Crawl Stone Soup version 0.26.1-11-gd32895ea62 (webtiles) character file.

Game seed: 2434290009652466373

2546 Almogavar the Cleaver (level 9, -9/81 HPs)
             Began as a Hill Orc Fighter on June 30, 2021.
             Was a Follower of Makhleb.
             Killed by divine providence
             ... invoked by an orc priest
              (11 damage)
             ... on level 7 of the Dungeon.
             The game lasted 00:19:28 (8366 turns).

Almogavar the Cleaver (Hill Orc Fighter)            Turns: 8366, Time: 00:19:29

Health: -9/81      AC: 11    Str: 22    XL:     9   Next: 55%
Magic:  9/9        EV:  9    Int: 10    God:    Makhleb [*.....]
Gold:   222        SH: 10    Dex: 10    Spells: 8/8 levels left

rFire    . . .     SeeInvis .   a - +0 war axe
rCold    . . .     Faith    .   c - +0 kite shield
rNeg     + . .     Spirit   .   b - +0 scale mail
rPois    .         Reflect  .   (no helmet)
rElec    .         Harm     .   (no cloak)
rCorr    +         Rampage  +   C - +0 pair of gloves of Stained Joy {Rampage} (curse)
Will     .....     Clarity  +   t - +0 pair of boots
Stlth    ..........             (no amulet)
HPRegen  0.23/turn              w - ring of positive energy
MPRegen  0.11/turn              A - ring of resist corrosion

@: lethally poisoned (-9 -> -10), flying
A: rugged brown scales 1, clarity, clever 1, no potion heal 1
a: Renounce Religion, Convert to Beogh


You were on level 7 of the Dungeon.
You worshipped Makhleb.
Makhleb was aware of your devotion.
You visited 2 branches of the dungeon, and saw 8 of its levels.

You collected 450 gold pieces.
You spent 228 gold pieces at shops.

Inventory:

Hand Weapons
 a - a +0 war axe (weapon)
 o - a +0 hunting sling
Missiles
 g - 15 sling bullets
 p - 192 stones (quivered)
Armour
 b - a +0 scale mail (worn)
 c - a +0 kite shield (worn)
 k - a +0 chain mail
 t - a +0 pair of boots (worn)
 B - a +0 plate armour
 C - the cursed +0 pair of gloves of Stained Joy (worn) {Rampage}
   (You bought it in a shop on level 7 of the Dungeon)

   It bestows one free step when moving towards enemies.
   It has a curse placed upon it.
Jewellery
 j - an uncursed ring of wizardry
 w - a ring of positive energy (left hand)
 z - an uncursed ring of fire
 A - a ring of resist corrosion (right hand)
Wands
 u - a wand of digging (3)
 y - a wand of disintegration (12)
Scrolls
 f - a scroll of magic mapping
 h - 2 scrolls of enchant armour
 i - 2 scrolls of blinking
 l - 5 scrolls of enchant weapon
 m - a scroll of remove curse {unknown}
 n - a scroll of amnesia
 q - 2 scrolls of fear {unknown}
 r - a scroll of noise {unknown}
 s - a scroll of teleportation
Potions
 d - 3 potions of might
 e - a potion of brilliance
 v - a potion of mutation
 x - a potion of flight


   Skills:
 + Level 7.1 Fighting
 + Level 10.3 Axes
 + Level 7.4 Armour
 + Level 2.8 Dodging
 - Level 0.5 Stealth
 + Level 6.2 Shields


You had 8 spell levels left.
You didn't know any spells.
Your spell library contained the following spells:

 Spells                   Type           Power        Failure   Level
 Animate Skeleton         Necr           0%           95%         1
 Apportation              Tloc           0%           95%         1
 Corona                   Hex            0%           95%         1
 Summon Small Mammal      Summ           0%           95%         1


Dungeon Overview and Level Annotations

Branches:
Dungeon (7/15)             Temple (1/1) D:4

Altars:
Cheibriados
Dithmenos
Fedhas
Gozag
Hepliaklqana
Kikubaaqudgha
Makhleb
Nemelex Xobeh
Okawaru
Qazlal
Ru
Sif Muna
Trog
Vehumet
Wu Jian
Xom
Yredelemnul
Zin
The Shining One

Shops:
D:4 :   D:7 [


Innate Abilities, Weirdness & Mutations

You are partially covered in rugged brown scales. (AC +1, +3% HP)
You possess an exceptional clarity of mind.
Your mind is acute. (Int +2)
Potions are less effective at restoring your health.


Message History

* * * LOW HITPOINT WARNING * * *
You slash the orc priest!
The orc priest shouts, "Join the one true god or die!"
The orc priest is severely wounded.
You block the orc priest's attack.
You closely miss the orc priest.
The orc priest is severely wounded.
The orc priest barely misses you.
It was a potion of mutation.
You feel extremely strange.
Your thoughts seem clearer.
You feel clever.
Your system partially rejects the healing effects of potions.
Rugged brown scales grow over part of your body.
You feel sick.
The orc priest hits you but does no damage.
It was a potion of flight.
You feel very buoyant.
You fly up into the air.
The orc priest mumbles some strange prayers to Beogh against you.
Beogh smites you!
You die...

## ..# #.#
#################.#
#...............#.#
#.#############(#.#
# ##.#
###....(#.##.#.#
.#.#
.......@oh)....#
.#.#
###.....#.##.###
.#.# #####.#))....#
.#.#.####
#..........
..........
...^..>#.#.
...#.##...
....###.... ...#.#
####.# ..# ...# #
#.# .# .#.# #.# #


You could see a black bear and an orc priest.

Vanquished Creatures
  Pikel (D:6)
  2 orc warriors (D:7)
  A sky beast (D:6)
  An ogre (D:7)
  3 centaurs
  2 lemures (D:6)
  3 bullfrogs
  2 scorpions
  4 killer bees (D:7)
  4 wights (D:7)
  3 howler monkeys
  A quasit (D:4)
  3 orc priests
  2 bullfrog skeletons (D:4)
  4 orc wizards
  A gnoll shaman (D:5)
  4 iguanas
  3 worker ants
  A hound skeleton (D:5)
  6 gnolls
  6 adders
  2 shadow imps
  3 white imps
  An adder skeleton (D:6)
  2 dart slugs
  2 worms
  2 leopard geckos
  15 orcs
  9 bats
  4 giant cockroaches
  4 hobgoblins
  17 jackals
  A quokka (D:2)
  A ball python (D:4)
  3 frilled lizards
  10 goblins
  A jackal zombie (D:5)
  9 kobolds
  A quokka zombie (D:6)
  7 rats
151 creatures vanquished.

Vanquished Creatures (others)
  2 plants (Temple)
2 creatures vanquished.

Grand Total: 153 creatures vanquished

Notes
Turn   | Place    | Note
-------+----------+-------------------------------------------
     0 | D:1      | Almogavar the Hill Orc Fighter began the quest for the Orb.
     0 | D:1      | Reached XP level 1. HP: 19/19 MP: 1/1
   273 | D:1      | Reached skill level 3 in Axes
   273 | D:1      | Reached XP level 2. HP: 23/27 MP: 2/2
   696 | D:1      | Reached XP level 3. HP: 33/33 MP: 3/3
  1484 | D:2      | Reached skill level 4 in Axes
  1559 | D:2      | Found a sparkling altar of Nemelex Xobeh.
  1588 | D:2      | Found a faded altar of an unknown god.
  1648 | D:2      | Reached XP level 4. HP: 40/40 MP: 4/4
  1993 | D:3      | You fall into a shaft and drop 1 floor!
  2001 | D:4      | Reached XP level 5. HP: 44/46 MP: 5/5
  2004 | D:4      | Reached skill level 5 in Axes
  2648 | D:4      | Reached skill level 6 in Axes
  2648 | D:4      | Reached XP level 6. HP: 36/52 MP: 6/6
  2856 | D:4      | Lost dexterity.
  3258 | D:4      | Found a staircase to the Ecumenical Temple.
  3283 | Temple   | Entered the Ecumenical Temple
  3391 | Temple   | Became a worshipper of Makhleb the Destroyer
  3839 | D:4      | Found Mufac's Book Emporium.
  3904 | D:5      | Entered Level 5 of the Dungeon
  3958 | D:5      | Reached skill level 5 in Fighting
  3958 | D:5      | Reached XP level 7. HP: 47/61 MP: 7/7
  4334 | D:4      | Reached skill level 1 in Dodging
  4468 | D:5      | Reached skill level 7 in Axes
  5040 | D:5      | Reached * piety under Makhleb
  5347 | D:5      | Reached skill level 5 in Armour
  5879 | D:6      | Reached skill level 5 in Shields
  5879 | D:6      | Reached XP level 8. HP: 65/70 MP: 8/8
  5887 | D:6      | Reached skill level 8 in Axes
  6718 | D:6      | Noticed Pikel
  6740 | D:6      | Killed Pikel
  6741 | D:6      | Reached skill level 9 in Axes
  7350 | D:7      | Reached XP level 9. HP: 55/78 MP: 9/9
  8155 | D:7      | Reached skill level 10 in Axes
  8199 | D:7      | Found Xouzaim's Antique Armour Boutique.
  8291 | D:7      | Bought a pair of spiked gloves for 228 gold pieces
  8296 | D:7      | Identified the cursed +0 pair of gloves of Stained Joy
                  | {Rampage} (You bought it in a shop on level 7 of the
                  | Dungeon)
  8361 | D:7      | HP: 2/79 [orc priest/divine providence (17)]
  8365 | D:7      | Gained mutation: You possess an exceptional clarity of
                  | mind. [potion of mutation]
  8365 | D:7      | Gained mutation: Your mind is acute. (Int +2) [potion of
                  | mutation]
  8365 | D:7      | Gained mutation: Potions are less effective at restoring
                  | your health. [potion of mutation]
  8365 | D:7      | Gained mutation: You are partially covered in rugged brown
                  | scales. (AC +1, +3% HP) [potion of mutation]
  8366 | D:7      | Killed from afar by an orc priest

Illustrated notes

Levels and vault maps discovered:
D:1:      scummos_arrival_forest, layout_basic, serial_co_window_serial,
          co_window_cross_1, co_window_paths_a, co_window_paths_a,
          co_window_corner_a, co_window_corner_a, co_window_corner_a,
          co_window_corner_a, co_window_corner_cb, co_window_of_opportunity_b,
          co_window_of_opportunity_c, co_window_paths_c, glass_columns_a
D:2:      layout_rooms, marbit_many_paths, chequers_ecumenical_altar_island
D:3:      layout_rooms, serial_aquarium, aquarium_bridge_long_separate
          [aquarium_subvault_balcony, aquarium_subvault_wall,
          aquarium_subvault_bridge, aquarium_subvault_bridge,
          aquarium_subvault_bridge, aquarium_subvault_window],
          aquarium_window_fake, aquarium_window_fake,
          aquarium_window_corridor_3, aquarium_view_2d, aquarium_pool_side
D:4:      layout_cave_pools, temple_fountains, serial_shops,
          kennysheep_little_box
D:5:      layout_cave_pools
D:6:      layout_loops_ring, uniq_pikel
D:7:      layout_basic, serial_shops, nicolae_shop_behind_doors
Temple:   kilobyte_greek_temple

Skill      XL: |  1  2  3  4  5  6  7  8  9 |
---------------+----------------------------+-----
Axes           | 3 4 6 7 9 10 | 10.3
Fighting       | 4 5 6 7 |  7.1
Armour         | 4 5 6 7 |  7.4
Shields        | 4 5 6 |  6.2
Dodging        | 1 2 |  2.8
Stealth        | |  0.5

Action                   |  1- 3 |  4- 6 |  7- 9 || total
-------------------------+-------+-------+-------++-------
Melee: War axe           |   140 |   191 |   310 ||   641
  Use: Scroll            |       |     8 |     2 ||    10
       Potion            |       |       |     4 ||     4
Armor: Scale mail        |    89 |   201 |   129 ||   419
Dodge: Dodged            |    45 |    79 |   125 ||   249
Block: Kite shield       |    70 |   145 |   135 ||   350
